 Dungeon Crawl Stone Soup version 0.30-a0-424-g7412bad402 (webtiles) character file.

Game seed: 4512523814637887641

2576 p00ps00p the Cleaver (level 9, -1/82 HPs)
             Began as a Hill Orc Fighter on Dec 9, 2022.
             Slain by a gnoll
             ... wielding a +0 halberd
              (13 damage)
             ... on level 7 of the Dungeon.
             The game lasted 00:09:27 (5215 turns).

p00ps00p the Cleaver (Hill Orc Fighter)             Turns: 5215, Time: 00:09:27

Health: -1/82      AC: 14    Str: 29    XL:     9   Next: 57%
Magic:  9/9        EV:  8    Int:  8    God:
Gold:   351        SH:  5    Dex: 10    Spells: 8/8 levels left

rFire   . . .      SeeInvis .    a - +1 war axe
rCold   . . .      Faith    .    c - +0 buckler
rNeg    . . .      Spirit   .    n - +0 chain mail
rPois   +          Reflect  .    r - +0 helmet
rElec   .          Harm     .    d - +0 cloak
rCorr   .          Rampage  .    h - +0 pair of gloves
Will    .....                    (no boots)
Stlth   ..........               (no amulet)
HPRegen 0.33/turn                k - +6 ring of strength
MPRegen 0.11/turn                s - ring of poison resistance

@: no status effects
A: no striking features
a: no special abilities


You were on level 7 of the Dungeon.
You visited 1 branch of the dungeon, and saw 7 of its levels.

You collected 351 gold pieces.

Inventory:

Hand Weapons
 a - a +1 war axe (weapon)
 q - a +1 falchion of flaming
Missiles
 l - 21 poisoned darts (quivered)
 o - 5 silver javelins
Armour
 c - a +0 buckler (worn)
 d - a +0 cloak (worn)
 h - a +0 pair of gloves (worn)
 n - a +0 chain mail (worn)
 r - a +0 helmet (worn)
Jewellery
 b - a ring of flight
 k - a +6 ring of strength (left hand)
 s - a ring of poison resistance (right hand)
 w - a ring of positive energy
Potions
 e - a potion of magic
 f - a potion of resistance
 g - a potion of attraction {unknown}
 i - a potion of degeneration
 j - 3 potions of brilliance
 m - a potion of haste {unknown}
 p - 2 potions of mutation {unknown}
 u - a potion of lignification {unknown}


   Skills:
 + Level 8.4 Fighting
 + Level 8.7 Axes
 + Level 7.7 Armour
 + Level 7.7 Shields


You had 8 spell levels left.
You didn't know any spells.
Your spell library was empty.

Dungeon Overview and Level Annotations

Branches:
Dungeon (7/15)
 Temple: D:4-7

Altars:
Sif Muna

Shops:
D:1 *   D:2 [   D:4 *   D:6 (!*[:


Message History

You are too injured to fight recklessly!
You are too injured to fight recklessly!
You are too injured to fight recklessly!
You are too injured to fight recklessly!
Unknown command.
You slash the killer bee!
The killer bee is almost dead.
The killer bee stings you. The gnoll barely misses you.
The killer bee closely misses you.
The gnoll hits you from afar with a +0 halberd.
The killer bee stings you but does no damage.
You miss the killer bee.
The killer bee is almost dead.
You block the killer bee's attack.
The killer bee stings you but does no damage.
The gnoll barely misses you.
You barely miss the killer bee.
The killer bee is almost dead.
The killer bee stings you but does no damage. x2
The gnoll hits you from afar with a +0 halberd!
* * * LOW HITPOINT WARNING * * *
You slash the killer bee!
You kill the killer bee!
The killer bee closely misses you. The gnoll closely misses you.
You miss the killer bee. The killer bee barely misses you.
You block the killer bee's attack. The gnoll closely misses you.
You hit the killer bee.
The killer bee is lightly wounded.
The killer bee closely misses you.
The killer bee stings you but does no damage.
The gnoll hits you from afar with a +0 halberd!
* * * LOW HITPOINT WARNING * * *
The killer bee stings you.
* * * LOW HITPOINT WARNING * * *
The killer bee closely misses you.
You miss the killer bee.
The killer bee is lightly wounded.
You block the killer bee's attack. The killer bee closely misses you.
The gnoll hits you from afar with a +0 halberd!
You die...

##. .< ..
##.# .....#
g#..# ...
#g# #g# #y#
#. #@####
#.# #....#
#.# ####.#
#.# ####.#
#.###....#
#.#.....##
#.#.#.#.##
#..........
#.#.#.#.###


You could see a killer bee and 2 gnolls.

Vanquished Creatures
  Pikel (D:6)
  Grinder (D:5)
  A black bear (D:4)
  2 sky beasts
  3 ogres
  2 phantoms
  2 lemures (D:6)
  3 necrophages
  3 scorpions
  8 killer bees
  A howler monkey (D:5)
  Crazy Yiuf (D:2)
  3 hounds
  An orc priest (D:6)
  5 orc wizards
  An iguana (D:5)
  5 gnolls
  10 adders
  An ufetubus (D:5)
  A worm (D:3)
  2 dart slugs
  14 orcs
  5 ball pythons
  8 endoplasms
  7 giant cockroaches
  3 goblins
  6 hobgoblins
  2 jackals (D:1)
  4 quokkas
  9 bats
  5 frilled lizards
  7 kobolds
  3 rats
130 creatures vanquished.

Vanquished Creatures (others)
  17 fungi
17 creatures vanquished.

Grand Total: 147 creatures vanquished

Notes
Turn   | Place    | Note
-------+----------+-------------------------------------------
     0 | D:1      | p00ps00p the Hill Orc Fighter began the quest for the Orb.
     0 | D:1      | Reached XP level 1. HP: 19/19 MP: 1/1
   270 | D:1      | Found Etzobi's Assorted Antiques.
   277 | D:1      | Reached XP level 2. HP: 18/27 MP: 2/2
   927 | D:2      | Found a runed translucent door.
   928 | D:2      | Noticed Crazy Yiuf
   978 | D:2      | Reached XP level 3. HP: 31/33 MP: 3/3
  1091 | D:2      | Found Plog's Armour Shoppe.
  1274 | D:2      | Found a faded altar of an unknown god.
  1945 | D:2      | Killed Crazy Yiuf
  1946 | D:2      | Reached XP level 4. HP: 23/41 MP: 4/4
  2227 | D:3      | Reached XP level 5. HP: 45/47 MP: 5/5
  2641 | D:4      | Reached skill level 5 in Fighting
  2750 | D:4      | Reached XP level 6. HP: 56/56 MP: 6/6
  2792 | D:4      | Noticed a black bear
  2800 | D:4      | Killed a black bear
  2801 | D:4      | Reached skill level 5 in Axes
  2801 | D:4      | Reached skill level 5 in Armour
  2900 | D:4      | Found Ickudwy Vamp's General Store.
  2916 | D:4      | Reached skill level 5 in Shields
  2916 | D:4      | Reached XP level 7. HP: 52/61 MP: 7/7
  3522 | D:5      | Entered Level 5 of the Dungeon
  3537 | D:5      | Noticed Grinder
  3628 | D:5      | Paralysed by Grinder for 3 turns
  3639 | D:5      | Paralysed by Grinder for 4 turns
  3648 | D:5      | Killed Grinder
  3649 | D:5      | Reached XP level 8. HP: 59/71 MP: 8/8
  4213 | D:6      | Found Hagin's Book Emporium.
  4219 | D:6      | Noticed Pikel
  4236 | D:6      | Killed Pikel
  4237 | D:6      | Reached XP level 9. HP: 24/80 MP: 9/9
  4474 | D:6      | Found Atwug's Armour Emporium.
  4528 | D:6      | Found a shimmering blue altar of Sif Muna.
  4536 | D:6      | Found Omefea Vuwom's Antique Weapon Boutique.
  4863 | D:6      | Found Pyamazxo's Assorted Antiques.
  4900 | D:6      | Found Aloefuvo's Distillery.
  5215 | D:7      | Slain by a gnoll

Illustrated notes

Levels and vault maps discovered:
D:1:      dpeg_arrival_shelter, layout_basic, serial_shops, nicolae_shop_trees,
          kennysheep_pointless_box
D:2:      minmay_wonky_spiral, layout_loops_corners,
          ebering_ecumenical_altar_hall, serial_shops,
          nicolae_shop_behind_doors, grunt_decor_arrowhead,
          dreamdust_mushroom_princess, uniq_crazy_yiuf_cottage
D:3:      layout_basic
D:4:      layout_basic, serial_shops, nicolae_square_shop, serial_aquarium,
          aquarium_bridge_straight [aquarium_subvault_bridge,
          aquarium_subvault_wall, aquarium_subvault_bridge,
          aquarium_subvault_window], aquarium_bridge_square
          [aquarium_subvault_window, aquarium_subvault_wall,
          aquarium_subvault_bridge, aquarium_subvault_bridge],
          aquarium_window_1, aquarium_window_corridor_1, aquarium_view_2g,
          aquarium_view_2d, aquarium_pool_split
D:5:      layout_cave_pools, uniq_grinder
D:6:      layout_gridville, mainiacjoe_overflow_brackets, serial_shops,
          nicolae_shop_hallway_plus, nicolae_take_the_stairs, shop, shop,
          shop_coins, uniq_pikel
D:7:      layout_loops_ring, nicolae_overflow_hidden_temple,
          minmay_temple_entry_statues_fountains

Skill      XL: |  1  2  3  4  5  6  7  8  9 |
---------------+----------------------------+-----
Axes           | 3 4 5 6 7 8 |  8.7
Fighting       | 4 5 6 7 8 |  8.4
Armour         | 4 5 7 |  7.7
Shields        | 4 5 7 |  7.7

Action                   |  1- 3 |  4- 6 |  7- 9 || total
-------------------------+-------+-------+-------++-------
Melee: War axe           |    87 |   122 |   207 ||   416
  Use: Scroll            |     4 |     5 |     5 ||    14
       Potion            |     1 |     1 |     2 ||     4
Armor: Scale mail        |    52 |       |       ||    52
       Chain mail        |     1 |    95 |   162 ||   258
Dodge: Dodged            |    34 |    61 |    96 ||   191
Block: Buckler           |    20 |    40 |    66 ||   126

Table legend: (Time is in decaauts)
 A = Elapsed time spent in this place.
 B = Non-inter-level travel time spent in this place.
 C = Inter-level travel time spent in this place.
 D = Time resting spent in this place.
 E = Time spent auto-exploring this place.
 F = Levels seen in this place.
 G = Mean time per level.
                   A        B        C        D        E       F      G
               +--------+--------+--------+--------+--------+-----+--------+
         Total |   5319 |   5147 |    172 |    317 |   3685 |   7 |  759.9 |
       Dungeon |   5319 |   5147 |    172 |    317 |   3685 |   7 |  759.9 |
               +--------+--------+--------+--------+--------+-----+--------+

Top non-repeatable levels by time:
     D:2: 1199 daAuts
     D:4: 1085 daAuts
     D:6: 977 daAuts
     D:1: 907 daAuts
     D:5: 607 daAuts
     D:3: 486 daAuts
     D:7: 55 daAuts
